 Dungeon Crawl Stone Soup version 0.24.1-14-gf8d2b509d9 (webtiles) character file.

Game seed: 4703675804494626949, levelgen mode: deterministic

66 Kniotic the Cudgeler (level 3, -1/29 HPs)
             Began as a Demonspawn Chaos Knight on May 29, 2020.
             Was a Plaything of Xom.
             Slain by a hound (6 damage)
             ... on level 2 of the Dungeon.
             The game lasted 00:01:29 (1549 turns).

Kniotic the Cudgeler (Demonspawn Chaos Knight)      Turns: 1549, Time: 00:01:29

Health: -1/29      AC:  5    Str: 13    XL:     3   Next: 96%
Magic:  3/3        EV: 11    Int: 13    God:    Xom [..*...]
Gold:   120        SH:  0    Dex: 12    Spells: 2/2 levels left

rFire    . . .     SeeInvis .   a - +0 mace (chaos)
rCold    . . .     Gourm    .   (no shield)
rNeg     . . .     Faith    .   b - +2 leather armour
rPois    .         Spirit   .   (no helmet)
rElec    .         Reflect  .   (no cloak)
rCorr    .         Harm     .   (no gloves)
MR       .....                  (no boots)
Stlth    +.........             (no amulet)
HPRegen  0.09/turn              (no ring)
MPRegen  0.08/turn              (no ring)

@: no status effects
A: hooves 2
a: Renounce Religion


You were on level 2 of the Dungeon.
You worshipped Xom.
You were a toy of Xom.
You were not hungry.

You visited 1 branch of the dungeon, and saw 2 of its levels.

You collected 120 gold pieces.

Inventory:

Hand Weapons
 a - a +0 mace of chaos (weapon)
Armour
 b - a +2 leather armour (worn)
Scrolls
 d - 3 scrolls of teleportation {unknown}
 e - a scroll of amnesia {unknown}
 g - 2 scrolls of enchant weapon {unknown}
Potions
 h - a potion of flight {unknown}
Comestibles
 c - 5 rations
 f - a chunk of flesh


   Skills:
 - Level 3.0 Fighting
 + Level 4.4 Maces & Flails
 - Level 1.7 Armour
 - Level 0.8 Dodging


You had 2 spell levels left.
You didn't know any spells.
Your spell library was empty.

Dungeon Overview and Level Annotations

Branches:
Dungeon (2/15)

Altars:
Cheibriados


Innate Abilities, Weirdness & Mutations

You have hoof-like feet.


Message History

You are too injured to fight recklessly!
You are too injured to fight recklessly!
You are too injured to fight recklessly!
You hit the hound. Your kick misses the hound.
The hound is moderately wounded.
The hound bites you. The hound closely misses you.
You closely miss the hound.
The hound is moderately wounded.
The hound barely misses you. The hound misses you.
You closely miss the hound.
The hound is moderately wounded.
The hound bites you.
* * * LOW HITPOINT WARNING * * *
You hit the hound. You freeze the hound.
The hound is severely wounded.
The hound bites you but does no damage. The hound closely misses you.
You closely miss the hound. You kick the hound.
The hound is almost dead.
The hound misses you. The hound bites you.
You die...

#.#... .#..#
#.#..# .....
#....
#.#.#####.#
#.#h......#
#.#@.#
######.#..#
.......[..#
.#######..# #
#........#.#
#..........#
#.รท.....####
#.......# #.
.....#
###.......#
.(.##.#


You could see a hound.

Vanquished Creatures
  A gnoll (D:1)
  An adder (D:2)
  2 oozes (D:1)
  3 leopard geckos
  6 bats
  2 giant cockroaches (D:1)
  3 goblins (D:1)
  2 hobgoblins (D:1)
  2 jackals (D:2)
  9 kobolds
  2 frilled lizards (D:1)
  2 rats
35 creatures vanquished.

Notes
Turn   | Place    | Note
-------+----------+-------------------------------------------
     0 | D:1      | Kniotic the Demonspawn Chaos Knight began the quest for the
                  | Orb.
     0 | D:1      | Reached XP level 1. HP: 18/18 MP: 1/1
   129 | D:1      | Reached skill level 3 in Maces & Flails
   342 | D:1      | Gained mutation: You have large cloven feet. [demonic
                  | ancestry]
   342 | D:1      | Reached XP level 2. HP: 24/24 MP: 2/2
   546 | D:1      | Found a snail-covered altar of Cheibriados.
   548 | D:1      | XOM is BORED!
   548 | D:1      | XOM: harmless Tloc miscast
   574 | D:1      | Gained mutation: You have hoof-like feet. [demonic
                  | ancestry]
   574 | D:1      | Reached XP level 3. HP: 19/29 MP: 3/3
   705 | D:1      | XOM: harmless Tmut miscast
   714 | D:1      | Reached skill level 4 in Maces & Flails
   819 | D:1      | XOM: harmless Hex miscast
  1012 | D:1      | XOM: harmless Tloc miscast
  1025 | D:1      | XOM: harmless Summ miscast
  1422 | D:2      | XOM: divination: magic mapping
  1477 | D:2      | XOM: harmless Necr miscast
  1549 | D:2      | Slain by a hound

Levels and vault maps discovered:
D:1:      lightli_arrival_boilingwater, layout_basic,
          minmay_misc_feat_nine_boxes, serial_bayou_pond_b, cheibriados_altar_1
D:2:      layout_basic, first_ration, minmay_misc_feat_square

Skill      XL: |  1  2  3 |
---------------+----------+-----
Maces & Flails | 3 4 |  4.4
Fighting       | |  3.0
Armour         | |  1.7
Dodging        | |  0.8

Action                   || total
-------------------------++-------
Melee: Mace              ||   119
       Kick              ||    14
 Stab: Petrifying        ||     1
  Eat: Chunk             ||     2
Armor: Leather armour    ||    62
Dodge: Dodged            ||   107
